 Dungeon Crawl Stone Soup version 0.31.0-12-g77e489cdc1 (webtiles) character file.

Game seed: 16285773435277239530

102 Heoruswealwe the Conjurer (level 4, -2/24 HPs)
             Began as a Deep Elf Conjurer on Feb 23, 2024.
             Killed from afar by Robin (9 damage)
             ... with a puff of flame
             ... on level 2 of the Dungeon.
             The game lasted 00:10:00 (1366 turns).

Heoruswealwe the Conjurer (Deep Elf Conjurer)       Turns: 1366, Time: 00:10:01

Health: -2/24      AC:  3    Str:  4    XL:     4   Next: 49%
Magic:  9/22       EV: 12    Int: 25    God:
Gold:   96         SH:  0    Dex: 13    Spells: 2/13 levels left

rFire   . . .        (no weapon)
rCold   . . .        (no shield)
rNeg    . . .        c - +0 robe
rPois   .            g - +1 hat
rElec   .            (no cloak)
rCorr   .            (no gloves)
SInv    .            (no boots)
Will    .....        (no amulet)
Stlth   ++           k - ring of magical power
HPRegen 0.24/turn    (no ring)
MPRegen 0.18/turn

%: no passive effects
@: no status effects
A: no striking features
a: no special abilities


You were on level 2 of the Dungeon.
You visited 1 branch of the dungeon, and saw 2 of its levels.

You collected 96 gold pieces.

Inventory:

Armour
 c - a +0 robe (worn)
 g - a +1 hat (worn)
Jewellery
 k - a ring of magical power (left hand)
Scrolls
 a - a scroll of noise {unknown}
 e - a scroll of fear {unknown}
 h - a scroll of identify {unknown}
Potions
 b - a potion of magic
 d - 2 potions of invisibility {unknown}
 f - a potion of lignification {unknown}


   Skills:
 - Level 2.4 Dodging
 - Level 2.4 Stealth
 + Level 5.0 Spellcasting
 + Level 5.6 Conjurations


You had 2 spell levels left.
You knew the following spells:

 Your Spells              Type           Power      Damage    Failure   Level
a - Magic Dart            Conj           100%       1d8       1%          1
b - Searing Ray           Conj           68%        2d6       1%          2
c - Fulminant Prism       Conj/Alch      10%        3d9       26%         4
d - Iskenderun's Mystic   Conj/Tloc      20%        2d6       26%         4

Your spell library contained the following spells:

 Spells                   Type           Power      Damage    Failure   Level


Dungeon Overview and Level Annotations

Branches:
Dungeon (2/15)

Altars:

Annotations:
D:2 Robin


Message History

The searing ray hits the hobgoblin.
The hobgoblin is severely wounded.
The searing ray misses the hobgoblin.
The goblin no longer looks unusually strong.
The searing ray hits the hobgoblin!
You kill the hobgoblin!
The searing ray hits the hobgoblin.
The hobgoblin is severely wounded.
The goblin no longer looks unusually strong.
The searing ray misses the hobgoblin.
The searing ray hits the goblin!
You kill the goblin!
You finish channelling your searing ray.
Casting: Searing Ray (safe; 1% risk of failure)
Confirm with . or Enter, or press ? or * to list all spells.
Aiming: Searing Ray (safe; 1% risk of failure)
Press: ? - help, Shift-Dir - straight line, f - hobgoblin
Aim: a hobgoblin (severely wounded, strong, 81% to hit)
The searing ray hits the hobgoblin!
You kill the hobgoblin!
The searing ray hits the goblin!
You kill the goblin!
The searing ray hits the goblin.
You kill the goblin! (Press . to maintain the ray.) Robin roars a battlecry!
The goblins go into a battle-frenzy!
Your Spellcasting skill increases to level 5!
The searing ray hits the goblin.
You kill the goblin!
Robin throws the goblin at you! The goblin hits you but does no damage.
The searing ray hits the goblin.
You kill the goblin!
The searing ray hits the goblin!
You kill the goblin!
The searing ray hits Robin!
Robin is heavily wounded.
You finish channelling your searing ray.
Robin zaps a wand.
The puff of flame hits you!
You die...
Robin calls out, "Let's celebrate!
Time for a feast!"

.#### ...
..#.. ... .
#..... >. ..
...... .# ...
#...r.#+#.#..
#..........
#......######
#....<.g)))@#
#.>.....#####
#.......#
#.......#
#.......#
#.......#
######.......#
......).......
..############


You could see Robin.

Vanquished Creatures
  Terence (D:2)
  2 adders (D:2)
  3 dart slugs (D:1)
  A ribbon worm (D:2)
  4 endoplasms
  2 giant cockroaches (D:1)
  11 goblins (D:2)
  7 hobgoblins
  3 quokkas (D:1)
  2 ball pythons (D:1)
  5 bats
  5 kobolds
  3 rats (D:1)
49 creatures vanquished.

Notes
Turn   | Place    | Note
-------+----------+-------------------------------------------
     0 | D:1      | Heoruswealwe the Deep Elf Conjurer began the quest for the
                  | Orb.
     0 | D:1      | Reached XP level 1. HP: 10/10 MP: 6/6
   106 | D:1      | Reached XP level 2. HP: 15/15 MP: 0/8
   109 | D:1      | Learned a level 2 spell: Searing Ray
   829 | D:1      | Reached skill level 5 in Conjurations
   829 | D:1      | Reached XP level 3. HP: 19/19 MP: 9/10
  1030 | D:2      | Noticed Terence
  1045 | D:2      | Killed Terence
  1099 | D:2      | Reached XP level 4. HP: 24/24 MP: 12/12
  1104 | D:2      | Learned a level 4 spell: Fulminant Prism
  1109 | D:2      | Learned a level 4 spell: Iskenderun's Mystic Blast
  1346 | D:2      | Noticed Robin
  1364 | D:2      | Reached skill level 5 in Spellcasting
  1366 | D:2      | Killed from afar by Robin

Illustrated notes

Levels and vault maps discovered:
D:1:      lemuel_arrival_tunnels, layout_basic, serial_park_tiny_pond
D:2:      layout_basic, corner_web_ring, uniq_robin, uniq_crazy_yiuf_cottage,
          uniq_terence

Skill      XL: |  1  2  3  4 |
---------------+-------------+-----
Spellcasting   | 4 5 |  5.0
Conjurations   | 5 |  5.6
Dodging        | |  2.4
Stealth        | |  2.4

Action                     |  1- 3 |  4- 6 || total
---------------------------+-------+-------++-------
  Melee: Unarmed           |     4 |     1 ||     5
   Cast: Magic Dart        |    55 |    15 ||    70
         Searing Ray       |     1 |     2 ||     3
 Armour: Robe              |    10 |    17 ||    27
  Dodge: Dodged            |    10 |    15 ||    25
